 Dungeon Crawl Stone Soup version 0.17-a0-1510-gb3fb22e (webtiles) character file.

136924 Fizybubbleh the Unseen (level 17, -11/128 HPs)
             Began as a Human Enchanter on July 8, 2015.
             Was the Champion of Ashenzari.
             Killed by the raging water
             ... invoked by a water nymph
              (36 damage)
             ... on level 4 of the Shoals on July 11, 2015.
             The game lasted 04:32:13 (42789 turns).

Fizybubbleh the Unseen (Human Enchanter)           Turns: 42789, Time: 04:32:14

Health: -11/128    AC:  8    Str: 15    XL:     17   Next: 82%
Magic:  3/26       EV: 35    Int: 16    God:    Ashenzari [******]
Gold:   1523       SH:  0    Dex: 24    Spells: 7 memorised, 12 levels left

rFire  . . .     SeeInvis +     s - +2 dagger (freeze) (curse)
rCold  . . .     Clarity  +     b - +1 robe (curse)
rNeg   . . .     SustAt   .     (no shield)
rPois  +         Gourm    .     E - +0 helmet (curse)
rElec  .         Spirit   .     q - +2 cloak {MR+} (curse)
rCorr  .         Warding  .     (no gloves)
rMut   .         Stasis   .     h - +0 pair of boots (curse)
MR     ++...                    y - amulet of regeneration (curse)
Stlth  +++++.....               Z - ring of invisibility (curse)
                                o - ring of poison resistance (curse)

@: mighty, agile, very slightly contaminated, repel missiles, very resistant to
hostile enchantments, quite stealthy
A: no striking features
a: Scrying, Transfer Knowledge, Renounce Religion, Evoke Invisibility


You were on level 4 of the Shoals.
You worshipped Ashenzari.
Ashenzari was exalted by your worship.
You were not hungry.

You visited 6 branches of the dungeon, and saw 32 of its levels.
You also visited: Ice Cave and Volcano.

You collected 3146 gold pieces.
You spent 1623 gold pieces at shops.

Inventory:

Hand weapons
 s - a cursed +2 dagger of freezing (weapon)
Missiles
 L - 5 throwing nets
Armour
 b - a cursed +1 robe (worn)
 h - a cursed +0 pair of boots (worn)
 q - a cursed +2 cloak of magic resistance (worn)
 u - a +2 robe of magic resistance
 E - a cursed +0 helmet (worn)
Jewellery
 o - a cursed ring of poison resistance (left hand)
 v - the ring "Xisuonej" {Fire MP+9 Dex+4}
   (You found it on level 4 of the Shoals)

   [ring of fire]

   It enhances your fire magic, and weakens your ice magic.
   It affects your dexterity (+4).
   It protects you from fire.
   It makes you vulnerable to cold.
   It affects your magic capacity (+9).
 y - a cursed amulet of regeneration (around neck)
 A - an uncursed amulet of warding
 F - an uncursed ring of ice
 J - an uncursed amulet of the gourmand
 X - an uncursed ring of protection from fire
 Z - a cursed ring of invisibility (right hand)
Magical devices
 a - a wand of teleportation (0)
 j - a wand of hasting (1)
 p - a wand of hasting (4)
 O - a wand of fire (0)
 P - a wand of confusion (10)
Scrolls
 e - 5 scrolls of amnesia
 i - 7 scrolls of identify
 m - 5 scrolls of enchant armour
 t - 7 scrolls of curse armour
 C - 7 scrolls of fog
 D - a scroll of fear
 I - 4 scrolls of curse weapon
 K - 2 scrolls of remove curse
 T - 2 scrolls of enchant weapon
Potions
 g - 3 potions of haste
 k - a potion of mutation
 n - 5 potions of resistance
 r - 2 potions of cure mutation
 w - 3 potions of cancellation
 x - a potion of might
 G - 6 potions of brilliance
 H - 2 potions of berserk rage
 M - 2 potions of curing
 R - a potion of flight
 Y - a potion of agility
Books
 c - a book of Maledictions

   Spells                             Type                      Level
   a - Corona                         Hexes                        1
   b - Ensorcelled Hibernation        Hexes/Ice                    2
   c - Confuse                        Hexes                        3
   d - Tukima's Dance                 Hexes                        3
   e - Dazzling Spray                 Conjuration/Hexes            3
 N - a book of Annihilations

   Spells                             Type                      Level
   a - Poison Arrow                   Conjuration/Poison           6
   b - Chain Lightning                Conjuration/Air              8
   c - Lehudib's Crystal Spear        Conjuration/Earth            8
   d - Glaciate                       Conjuration/Ice              9
   e - Fire Storm                     Conjuration/Fire             9
 S - a book of Air

   Spells                             Type                      Level
   a - Shock                          Conjuration/Air              1
   b - Swiftness                      Charms/Air                   2
   c - Repel Missiles                 Charms/Air                   2
   d - Static Discharge               Conjuration/Air              3
   e - Lightning Bolt                 Conjuration/Air              5
 U - a Necronomicon

   Spells                             Type                      Level
   a - Haunt                          Necromancy/Summoning         7
   b - Borgnjor's Revivification      Necromancy                   8
   c - Death's Door                   Charms/Necromancy            8
   d - Necromutation                  Transmutation/Necromancy     8
 V - a book of Unlife

   Spells                             Type                      Level
   a - Recall                         Summoning/Translocation      3
   b - Animate Dead                   Necromancy                   4
   c - Control Undead                 Necromancy                   4
   d - Cigotuvi's Embrace             Necromancy                   5
   e - Death Channel                  Necromancy                   6
   f - Simulacrum                     Ice/Necromancy               6
Miscellaneous
 W - a disc of storms
Comestibles
 d - 6 bread rations
 f - 6 beef jerkies
 l - 5 meat rations
 z - 5 slices of pizza
 B - a royal jelly
 Q - 16 fruits


   Skills:
 - Level 10.0 Fighting
 - Level 8.6(13.0) Short Blades
 - Level 13.2(15.8) Dodging
 + Level 20.4(22.6) Stealth
 - Level 6.0 Spellcasting
 - Level 8.7(13.1) Hexes
 - Level 2.8(6.6) Air Magic
 - Level 9.8(14.1) Evocations


You had 12 spell levels left.
You knew the following spells:

 Your Spells              Type           Power        Failure   Level  Hunger
a - Ensorcelled Hibernat  Hex/Ice        ####..       1%          2    #......
b - Confuse               Hex            #####...     1%          3    ##.....
c - Tukima's Dance        Hex            #####...     1%          3    ##.....
d - Dazzling Spray        Conj/Hex       ####....     2%          3    ##.....
e - Repel Missiles        Chrm/Air       ###...       6%          2    #......
f - Swiftness             Chrm/Air       ###.....     6%          2    #......
v - Corona                Hex            #####..      1%          1    None


Dungeon Overview and Level Annotations

Branches:
Dungeon (15/15)            Temple (1/1) D:5            Lair (7/8) D:8
 Shoals (4/4) Lair:3        Snake (1/4) Lair:4        Slime (0/6) Lair:7
    Orc (4/4) D:10            Elf (0/3) Orc:3        Vaults (0/5) D:14
 Depths (0/5) D:15

Altars:
Ashenzari
Cheibriados
Elyvilon
Fedhas
Gozag
Kikubaaqudgha
Nemelex Xobeh
Okawaru
Qazlal
Ru
Sif Muna
Trog
Vehumet
Xom
Yredelemnul
Zin
The Shining One
Jiyva

Shops:
D:8 }   D:10 ((((%   D:11 [   Orc:4 [*=   Shoals:3 %   Snake:1 }

Annotations:
D:9 exclusion: downstairs
D:14 exclusion: door
Lair:4 exclusions: 4 wandering mushrooms and 1 more exclusion
Shoals:2 exclusion: downstairs
Orc:2 exclusion: downstairs
Orc:3 exclusion: downstairs


Message History

You now have 2/26 mp.
Your unstable footing causes you to fumble your attack.
Drink which item? (? for menu, Esc to quit)
Okay, then.
Your unstable footing causes you to fumble your attack.
The water nymph completely misses you.
You hit the water nymph. You freeze the water nymph. You hit the water nymph.
You freeze the water nymph.
The water nymph points at you and mumbles some strange words.
The water swirls and strikes you!
* * * LOW HITPOINT WARNING * * *
You take 19 damage, and have 16/128 hp.
You closely miss the water nymph.
Drink which item? (? for menu, Esc to quit)
You feel better. The water nymph completely misses you.
You regained 8 hp, and now have 24/128 hp.
You closely miss the water nymph.
The water nymph gestures at you while chanting.
The water swirls and strikes you!
You die...

****###################### **** ≈
≈≈≈≈≈≈≈≈≈≈≈≈≈≈≈≈≈≈≈≈≈≈≈≈≈≈≈≈ ≈ ≈
≈≈≈≈≈≈≈≈≈≈≈≈≈≈≈≈≈≈≈≈≈≈≈ ≈≈ ≈≈≈
≈≈≈≈≈≈≈≈≈≈≈≈≈≈≈≈≈≈≈≈≈≈≈ ≈≈≈ ≈≈≈
≈≈≈≈≈≈≈≈≈≈≈≈≈≈≈≈≈≈≈≈≈≈≈ ≈ ≈ ≈≈≈≈
≈≈≈≈≈≈≈≈≈≈≈≈≈≈≈≈≈≈≈≈≈≈ ≈ ≈≈ ≈≈≈
≈≈≈≈≈≈≈≈≈≈≈≈≈#######≈≈≈ ≈
≈≈≈≈≈≈≈≈≈≈≈(≈≈≈@##≈≈≈≈≈## ≈ ≈≈≈ ≈
≈≈≈≈≈≈≈≈≈≈≈m##≈#†≈≈≈≈## ≈ ≈ ≈
≈≈≈≈≈≈≈≈≈≈≈≈≈≈)#≈#≈)≈≈≈≈≈# ≈≈≈≈≈
≈ ≈≈≈≈≈≈≈≈≈≈≈#≈≈.≈#≈#≈≈#≈≈≈≈≈≈ ≈
≈≈≈≈≈≈≈≈≈≈.#≈)≈##≈≈≈≈#≈≈≈≈≈≈ ≈
#######≈≈..#≈.≈≈≈≈≈≈≈#≈≈≈≈≈≈ ≈
≈≈##≈≈∆≈∆##...#≈†.#≈≈≈#≈#≈≈≈≈≈≈
≈≈≈##≈#≈≈≈≈≈##..##≈..≈^#≈#≈≈≈≈≈≈≈
≈≈≈#∆#()≈≈≈≈≈#..(##≈.≈≈≈#.≈P≈≈≈≈≈


You could see a water nymph.

Vanquished Creatures
  Rupert (D:13)
  Frances (D:12)
  A fire giant (D:15)
  Ilsuiw (Shoals:4)
  An orc warlord (Orc:3)
  Nessos (Orc:4)
  5 merfolk javelineers
  4 merfolk impalers
  Josephine (Lair:7)
  9 hydras
  2 centaur warriors (D:15)
  2 merfolk avatars (Shoals:4)
  2 alligator snapping turtles
  A merfolk aquamancer (Shoals:4)
  A queen ant (Lair:5)
  3 satyrs
  A death yak (Lair:4)
  The ghost of PeterLawrence the Basher, an experienced GrFi of Okawaru (D:10)
  Nergalle (D:11)
  7 orc high priests
  An ice devil (IceCv)
  The ghost of FooOfBar the Arsonist, an experienced TeFE of Vehumet (D:9)
  8 sea snakes
  6 hill giants
  3 unseen horrors
  A lindwurm (Volcano)
  4 orc knights
  20 harpies
  A wolf spider (D:15)
  8 manticores
  2 orc sorcerers
  8 ugly things
  An orb spider (shapeshifter) (D:15)
  A necromancer (D:14)
  9 griffons
  A wizard (D:14)
  7 fauns
  3 centaur zombies
  2 water nymphs
  4 cyclopes
  9 black mambas
  8 sirens
  6 elephants (Lair:3)
  3 gargoyles
  12 spiny frogs
  A torpor snail (Lair:4)
  4 centaur skeletons
  2 molten gargoyles (Volcano)
  A komodo dragon (shapeshifter) (D:13)
  6 komodo dragons
  A kobold demonologist (D:11)
  4 fire drakes
  2 blue devils (IceCv)
  7 trolls
  A queen bee (Lair:2)
  2 two-headed ogres (D:14)
  28 merfolk
  2 wind drakes (Shoals:4)
  9 snapping turtles
  2 polar bears
  12 blink frogs
  A boulder beetle (Lair:7)
  A trapdoor spider zombie (D:10)
  14 slime creatures
  6 water elementals
  2 trapdoor spiders
  4 wraiths (Lair:7)
  4 wyverns
  15 yaks
  2 deep elf magi
  2 steam dragons
  A hungry ghost (D:10)
  2 basilisks
  5 fire elementals (Volcano)
  15 hippogriffs
  7 wargs
  2 mottled dragons (D:15)
  20 soldier ants (Lair:5)
  16 porcupines
  11 wolves
  17 water moccasins
  37 orc warriors
  2 phantoms
  A black bear (D:12)
  6 ice beasts
  16 centaurs
  2 necrophages (D:8)
  2 wasps (D:12)
  4 sky beasts
  6 ogres
  9 big kobolds
  12 crocodiles
  20 giant frogs
  A brain worm (D:14)
  A gnoll sergeant (D:8)
  A wyvern skeleton (D:14)
  3 scorpions
  2 troll zombies (D:10)
  10 wights
  19 killer bees
  6 electric eels
  4 crimson imps
  3 quasits
  18 orc priests
  2 giant frog zombies (D:12)
  2 giant frog skeletons
  12 iguanas
  8 hounds
  9 jellies
  A gnoll shaman (D:8)
  26 orc wizards
  Terence (D:3)
  34 worker ants
  10 sheep
  6 ogre zombies (D:10)
  A hound skeleton (D:5)
  3 worker ant zombies
  10 gnolls
  17 adders
  2 shadow imps
  64 river rats
  11 white imps (D:11)
  9 oozes
  2 adder skeletons
  An adder zombie (D:6)
  173 orcs
  3 bat skeletons
  A bat zombie (D:7)
  34 hobgoblins
  14 jackals
  37 kobolds
  12 quokkas
  3 ball pythons
  17 bats
  9 giant cockroaches
  12 giant geckos
  A giant gecko skeleton (D:4)
  2 giant gecko zombies (D:4)
  6 giant newts
  16 goblins
  2 goblin skeletons (D:10)
  5 goblin zombies (D:10)
  A hobgoblin skeleton (D:10)
  2 hobgoblin zombies (D:10)
  2 orc skeletons (D:10)
  13 orc zombies (D:10)
  19 rats
1206 creatures vanquished.

Vanquished Creatures (collateral kills)
  A yak (Lair:7)
  An ogre (D:7)
2 creatures vanquished.

Vanquished Creatures (others)
  A dancing weapon (Shoals:4)
  A white imp (D:11)
  4 orcs
  49 fungi
  14 plants
69 creatures vanquished.

Grand Total: 1277 creatures vanquished

Notes
Turn   | Place    | Note
--------------------------------------------------------------
     0 | D:1      | Fizybubbleh the Human Enchanter began the quest for the Orb.
     0 | D:1      | Reached XP level 1. HP: 13/13 MP: 3/3
   209 | D:1      | Reached XP level 2. HP: 19/19 MP: 5/5
   521 | D:1      | Learned a level 2 spell: Ensorcelled Hibernation
   805 | D:1      | Reached skill level 4 in Stealth
   871 | D:1      | Reached XP level 3. HP: 24/24 MP: 6/6
   876 | D:1      | Learned a level 3 spell: Confuse
  1629 | D:2      | Found a deep blue altar of Sif Muna.
  1773 | D:2      | Found a sparkling altar of Nemelex Xobeh.
  1909 | D:3      | Reached XP level 4. HP: 30/30 MP: 7/7
  2083 | D:3      | Reached skill level 5 in Stealth
  2152 | D:3      | Noticed Terence
  2162 | D:3      | Killed Terence
  2197 | D:3      | Found a radiant altar of Vehumet.
  2517 | D:3      | Reached XP level 5. HP: 35/35 MP: 5/8
  3030 | D:4      | Reached skill level 6 in Stealth
  3487 | D:4      | Found an opulent altar of Gozag.
  3500 | D:4      | Reached XP level 6. HP: 28/41 MP: 2/9
  3641 | D:4      | Reached skill level 7 in Stealth
  4562 | D:5      | Entered Level 5 of the Dungeon
  4568 | D:5      | Found a staircase to the Ecumenical Temple.
  4623 | D:5      | Reached skill level 8 in Stealth
  4623 | D:5      | Reached XP level 7. HP: 34/46 MP: 1/10
  4712 | Temple   | Entered the Ecumenical Temple
  4720 | Temple   | Became a worshipper of Ashenzari the Shackled
  5541 | D:5      | Found a glowing silver altar of Zin.
  5751 | D:6      | Reached XP level 8. HP: 52/52 MP: 11/11
  5892 | D:6      | Reached skill level 5 in Short Blades
  6159 | D:6      | Learned a level 3 spell: Tukima's Dance
  7562 | D:7      | Reached skill level 5 in Hexes
  7562 | D:7      | Reached XP level 9. HP: 57/57 MP: 13/15
  9238 | D:8      | Found a shattered altar of Ashenzari.
  9239 | D:8      | Found Callepn's Gadget Emporium.
  9575 | D:8      | Reached skill level 1 in Fighting
  9656 | D:8      | Reached XP level 10. HP: 66/69 MP: 4/16
  9661 | D:8      | Learned a level 3 spell: Dazzling Spray
  9784 | D:8      | Found a staircase to the Lair.
  9833 | D:8      | Found a snail-covered altar of Cheibriados.
 10011 | D:8      | Found a sacrificial altar of Ru.
 10107 | D:8      | Found a basalt altar of Yredelemnul.
 10291 | D:8      | Reached skill level 5 in Dodging
 10404 | D:8      | Noticed a three-headed hydra
 10414 | D:8      | Killed a three-headed hydra
 11195 | D:9      | Noticed FooOfBar's ghost (experienced TeFE)
 11208 | D:9      | Killed FooOfBar's ghost
 11330 | D:9      | Found a sparkling altar of Nemelex Xobeh.
 11418 | D:9      | Reached XP level 11. HP: 75/75 MP: 15/17
 11872 | D:10     | Entered Level 10 of the Dungeon
 12118 | D:10     | Found Teodeifo's Weapon Shop.
 12140 | D:10     | Noticed PeterLawrence's ghost (experienced GrFi)
 12173 | D:10     | Killed PeterLawrence's ghost
 12173 | D:10     | Reached skill level 9 in Stealth
 12362 | D:10     | Found a staircase to the Orcish Mines.
 12438 | D:10     | Reached skill level 10 in Stealth
 12747 | D:10     | Found Utzae's Weapon Emporium.
 12804 | D:10     | Acquired Ashenzari's first power
 12823 | D:10     | Found a bloodstained altar of Trog.
 12993 | D:10     | Found Cuijas's Food Shoppe.
 13009 | D:10     | Noticed a hill giant
 13030 | D:10     | Killed a hill giant
 13030 | D:10     | Reached skill level 11 in Stealth
 13052 | D:10     | Found Puot's Weapon Boutique.
 13950 | D:10     | Found Muixug's Weapon Shop.
 14224 | Lair:1   | Entered Level 1 of the Lair of Beasts
 14316 | Lair:1   | Reached skill level 12 in Stealth
 14410 | Lair:1   | Noticed a five-headed hydra
 14768 | Lair:1   | Reached XP level 12. HP: 46/81 MP: 2/18
 14957 | Lair:1   | Noticed a four-headed hydra
 14965 | Lair:1   | Killed a four-headed hydra
 15723 | Lair:1   | Killed a five-headed hydra
 15723 | Lair:1   | Reached skill level 5 in Fighting
 16136 | Lair:2   | Reached skill level 5 in Spellcasting
 17591 | Lair:3   | Identified the ring of Narenke {Ice *Confuse MR+ Str+4 Int+2}
 17596 | Lair:3   | Acquired Ashenzari's second power
 17895 | Lair:3   | Noticed an eight-headed hydra
 17905 | Lair:3   | Killed an eight-headed hydra
 18039 | Lair:3   | Reached skill level 10 in Dodging
 18039 | Lair:3   | Reached XP level 13. HP: 73/93 MP: 9/22
 18911 | Lair:3   | Found a staircase to the Shoals.
 19067 | Lair:4   | Found a staircase to the Snake Pit.
 19513 | Lair:4   | Acquired Ashenzari's third power
 19947 | Lair:4   | Reached skill level 13 in Dodging
 20445 | Lair:5   | Found a glowing golden altar of the Shining One.
 20465 | Lair:5   | Found a dark tunnel.
 20475 | Volcano  | Entered a volcano
 21419 | Lair:5   | Reached XP level 14. HP: 65/100 MP: 13/23
 21642 | Lair:5   | Learned a level 2 spell: Repel Missiles
 21645 | Lair:5   | Learned a level 2 spell: Swiftness
 22458 | Lair:6   | Acquired Ashenzari's fourth power
 23274 | Lair:7   | Found a viscous altar of Jiyva.
 23274 | Lair:7   | Found a staircase to the Slime Pits.
 24121 | Lair:7   | Noticed Josephine
 24125 | Lair:7   | Killed Josephine
 24744 | Lair:7   | Reached skill level 10 in Fighting
 25271 | D:11     | Reached skill level 1 in Air Magic
 25312 | D:11     | Noticed Nergalle
 25315 | D:11     | Killed Nergalle
 25515 | D:11     | Found a frozen archway.
 25560 | IceCv    | Entered an ice cave
 25997 | D:11     | Found Axkezymp's Armour Shoppe.
 26553 | D:11     | Gained mutation: You can breathe flames. [potion of beneficial mutation]
 26877 | D:11     | Reached skill level 14 in Stealth
 27001 | D:12     | Found a blossoming altar of Fedhas.
 27003 | D:12     | Noticed Frances
 27541 | D:12     | Killed Frances
 27541 | D:12     | Reached XP level 15. HP: 115/115 MP: 19/24
 28205 | D:12     | Reached skill level 15 in Stealth
 28412 | Orc:1    | Entered Level 1 of the Orcish Mines
 29134 | Orc:2    | Found an iron altar of Okawaru.
 29730 | Orc:4    | Entered Level 4 of the Orcish Mines
 29730 | Orc:4    | Found Ycettip's Antique Weapon Emporium.
 30039 | Orc:3    | Found a staircase to the Elven Halls.
 31098 | Orc:4    | Noticed an orc warlord
 31102 | Orc:4    | Noticed Nessos
 31505 | Orc:3    | Killed an orc warlord
 31505 | Orc:3    | Reached skill level 16 in Stealth
 31689 | Orc:4    | Killed Nessos
 32086 | Orc:4    | Found Ynawich's Antique Armour Shoppe.
 32355 | Orc:4    | Found Soefeaq's General Store.
 32576 | Orc:4    | Found Waown's Jewellery Emporium.
 32584 | Orc:4    | Bought an uncursed ring of invisibility for 480 gold pieces
 32584 | Orc:4    | Bought an uncursed ring of poison resistance for 320 gold pieces
 32896 | D:11     | Found a white marble altar of Elyvilon.
 33045 | D:13     | Reached skill level 1 in Evocations
 33483 | D:13     | Noticed Rupert
 33490 | D:13     | Killed Rupert
 33830 | D:13     | Found a sparkling altar of Nemelex Xobeh.
 33890 | D:14     | Found a shattered altar of Ashenzari.
 34102 | D:14     | Reached skill level 5 in Evocations
 34108 | D:14     | Found a gate to the Vaults.
 34325 | D:14     | Reached XP level 16. HP: 122/122 MP: 25/25
 35034 | D:15     | Entered Level 15 of the Dungeon
 35056 | D:15     | Found a staircase to the Depths.
 36430 | Snake:1  | Entered Level 1 of the Snake Pit
 36430 | Snake:1  | Found Ajobb's Gadget Boutique.
 36432 | Snake:1  | Bought a wand of hasting (4) for 768 gold pieces
 36631 | Shoals:1 | Entered Level 1 of the Shoals
 36676 | Shoals:1 | Reached skill level 17 in Stealth
 36819 | Shoals:1 | Gained mutation: You are weak. (Str -2) [mutagenic glow]
 37022 | Shoals:1 | Gained mutation: You are frail (-10% HP). [mutagenic glow]
 37043 | Shoals:1 | Lost mutation: You are frail (-10% HP). [potion of cure mutation]
 37043 | Shoals:1 | Lost mutation: You can breathe flames. [potion of cure mutation]
 37043 | Shoals:1 | Lost mutation: You are weak. (Str -2) [potion of cure mutation]
 37981 | Shoals:2 | Reached skill level 18 in Stealth
 38214 | Shoals:2 | Reached XP level 17. HP: 128/128 MP: 26/26
 38489 | Shoals:3 | Found Duzupp's Food Shoppe.
 39584 | Shoals:4 | Entered Level 4 of the Shoals
 39594 | Shoals:4 | Reached skill level 19 in Stealth
 39848 | Shoals:3 | Bought a bread ration for 55 gold pieces
 40431 | Shoals:4 | Noticed Ilsuiw
 40678 | Shoals:4 | Killed Ilsuiw
 41646 | Shoals:3 | Upgraded the game from 0.17-a0-1504-gb7d9117 to 0.17-a0-1510-gb3fb22e
 41838 | Shoals:4 | Reached skill level 20 in Stealth
 42561 | Shoals:4 | Identified the ring "Xisuonej" {Fire MP+9 Dex+4}
 42789 | Shoals:4 | Killed from afar by a water nymph

Vault maps used:
D:1:      elethiomel_arrival_diamonds
D:2:      led_sif_pool, lemuel_doored_altar
D:3:      vehumet_altar_wand_db, first_bread, minivault_5, uniq_terence
D:4:      grunt_gozag_statues, hangedman_glass_teeth
D:5:      minmay_temple_entry_statues_fountains, basic_altar
D:6:      portal_sewer_entry_f
D:8:      nicolae_ru_path_of_blood, kennysheep_mini, kennysheep_mini_moat,
          lair_0_dummy, serial_shops, shop_coins, hangedman_ranch,
          cheibrodos_ashenzari_chains
D:9:      basic_altar
D:10:     lemuel_slime, zombieorc2_lemuel, serial_shops,
          nicolae_shop_behind_doors, nicolae_shop_statue_plus, shop, shop, shop,
          serial_bayou_lagoon_a, trog_ov_bears_minmay
D:11:     lemuel_upstairs_altar, portal_ice_cave_entry_imps, serial_shops,
          shop_statue, uniq_nergalle
D:12:     basic_altar, uniq_frances
D:13:     grunt_nemelex_the_gamble, uniq_rupert
D:14:     david_vaults_1, minmay_holes, lemuel_statue_altar
D:15:     grunt_enter_depths_giant_problem
Temple:   circular_temple_12
Lair:1:   beast_lair_carwin_10
Lair:2:   special_room, serial_bayou_pond_c
Lair:3:   elwin_shoals_entry_rooms, beast_lair_carwin_2
Lair:4:   minmay_snake_entry_six_corridors, eino_small_chamber_without_monster,
          fungi_pond_lemuel
Lair:5:   basic_altar, nicolae_volcano_entry_hallway, minivault_29
Lair:7:   slime_altar_1, nicolae_quartered_pool_super, uniq_josephine
Shoals:3: serial_shops, nicolae_shop_waterfront
Shoals:4: shoals_end_hangedman, shoals_ilsuiw_alternative,
          nicolae_shoals_siren_and_animal_friends
Snake:1:  basic_altar, serial_shops, shop
Orc:1:    cheibrodos_orc_bank
Orc:2:    okawaru_metal_pillars_3
Orc:3:    nicolae_orc_pool_cavern, amalloy_card_club
Orc:4:    grunt_orc_gardens, grunt_orc_garden, grunt_orc_garden,
          grunt_orc_garden, grunt_orc_garden, uniq_nessos
IceCv:    ice_cave_tombish
Volcano:  volcano_aerie

Action                   |  1- 3 |  4- 6 |  7- 9 | 10-12 | 13-15 | 16-18 || total
-------------------------+-------+-------+-------+-------+-------+-------++-------
Melee: Dagger            |   116 |   159 |   413 |   800 |  2114 |   520 ||  4122
 Cast: Corona            |     3 |     2 |     2 |     3 |     5 |       ||    15
       Ensorcelled Hiber |    13 |    38 |   100 |   241 |   462 |   185 ||  1039
       Confuse           |       |       |    25 |    67 |    99 |    80 ||   271
       Tukima's Dance    |       |       |     3 |       |     2 |     1 ||     6
       Repel Missiles    |       |       |       |       |     4 |     9 ||    13
       Dazzling Spray    |       |       |       |       |     1 |    18 ||    19
 Abil: Breathe Fire      |       |       |       |       |     1 |       ||     1
       Evoke Invisibilit |       |       |       |       |     1 |    27 ||    28
Evoke: Wand              |       |       |     1 |     3 |     9 |    11 ||    24
       Disc of storms    |       |       |       |       |       |     5 ||     5
  Use: Scroll            |       |       |    12 |    11 |    19 |     5 ||    47
       Potion            |       |       |     3 |     3 |     9 |     6 ||    21
 Stab: Sleeping          |    18 |    27 |    59 |   118 |   313 |   109 ||   644
       Confused          |       |       |    12 |    44 |    66 |    31 ||   153
       Distracted        |       |       |       |     3 |     7 |     5 ||    15
       Invisible         |       |       |       |       |     2 |    51 ||    53
  Eat: Chunk             |     4 |     8 |    19 |    15 |    29 |     5 ||    80
       Meat ration       |       |     1 |       |     4 |     4 |     5 ||    14
       Beef jerky        |       |       |     2 |     1 |     1 |     1 ||     5
       Bread ration      |       |       |     1 |     1 |     2 |     4 ||     8
       Pizza             |       |       |       |     2 |     2 |     3 ||     7
       Fruit             |       |       |       |     1 |     1 |       ||     2
       Royal jelly       |       |       |       |       |     3 |     2 ||     5
